 Dungeon Crawl Stone Soup version 0.29-a0-110-g189f89ecda (webtiles) character file.

Game seed: 11317998166823832912

84 Murumi the Skirmisher (level 4, -7/40 HPs)
             Began as a Minotaur Fighter on Feb 17, 2022.
             Mangled by Terence (10 damage)
             ... on level 2 of the Dungeon.
             The game lasted 00:04:02 (1581 turns).

Murumi the Skirmisher (Minotaur Fighter)            Turns: 1581, Time: 00:04:02

Health: -7/40      AC:  7    Str: 20    XL:     4   Next: 23%
Magic:  3/3        EV:  9    Int:  7    God:
Gold:   62         SH:  4    Dex: 10    Spells: 3/3 levels left

rFire   . . .      SeeInvis .   g - +0 whip
rCold   . . .      Faith    .   c - +0 buckler
rNeg    . . .      Spirit   .   b - +0 scale mail
rPois   .          Reflect  .   (helmet restricted)
rElec   .          Harm     .   (no cloak)
rCorr   .          Rampage  .   (no gloves)
Will    .....                   (no boots)
Stlth   ..........              (no amulet)
HPRegen 0.13/turn               (no ring)
MPRegen 0.08/turn               (no ring)

@: brilliant
A: horns 2, retaliatory headbutt
a: no special abilities


You were on level 2 of the Dungeon.
You visited 1 branch of the dungeon, and saw 2 of its levels.

You collected 62 gold pieces.

Inventory:

Hand Weapons
 a - a +0 flail
 g - a +0 whip (weapon)
Missiles
 e - 17 stones (quivered)
Armour
 b - a +0 scale mail (worn)
 c - a +0 buckler (worn)


   Skills:
 + Level 4.0 Fighting
 - Level 4.0 Maces & Flails
 - Level 4.0 Armour
 - Level 2.0 Dodging
 - Level 4.0 Shields


You had 3 spell levels left.
You didn't know any spells.
Your spell library was empty.

Dungeon Overview and Level Annotations

Branches:
Dungeon (2/15)

Altars:

Annotations:
D:2 Terence


Innate Abilities, Weirdness & Mutations

You have a pair of horns on your head.
You reflexively headbutt those who attack you in melee.


Message History

Terence barely misses you.
You hit Terence. You headbutt Terence.
Terence is heavily wounded.
Terence drinks a potion.
Terence seems to grow stronger.
You hit Terence but do no damage.
Terence is heavily wounded.
You block Terence's attack.
You hit Terence.
Terence is severely wounded.
Terence hits you but does no damage.
You closely miss Terence.
Terence is severely wounded.
Terence closely misses you.
You closely miss Terence. Your headbutt misses Terence.
Terence is severely wounded.
Terence hits you with a +0 flail.
You hit Terence. Your headbutt misses Terence.
Terence is severely wounded.
Terence hits you but does no damage.
You hit Terence. Your headbutt misses Terence.
Terence is severely wounded.
Terence hits you with a +0 flail.
You hit Terence but do no damage. Your headbutt misses Terence.
Terence is severely wounded.
You barely miss Terence. Your headbutt misses Terence.
Terence is severely wounded.
Terence hits you with a +0 flail!
You hit Terence but do no damage.
Terence is severely wounded.
Terence hits you with a +0 flail!
* * * LOW HITPOINT WARNING * * *
You feel better. Terence barely misses you.
You closely miss Terence.
Terence is severely wounded.
Terence hits you with a +0 flail!
* * * LOW HITPOINT WARNING * * *
It was a potion of brilliance.
You feel clever all of a sudden. Terence hits you with a +0 flail!
You die...

.<..#.# ......# ###
######## #.. .......#
#.# ######.# #.# #.# #(#
#.#########(# .
######........##@#.# ###
..............##@#.####
....<#+#
........................
.......<
.......#'####.##.#.#####
#..#.... ######.#.#
#....⌠.#. #....
#.#.####........ #....
#.#>....⌠._...#.# ......
#.#.#...........#
.###...
#.#.#.##..⌠.⌠.### # #...
#.#.#.#####..... #...


You could see Terence (strong).

Vanquished Creatures
  5 gnolls
  4 ball pythons (D:1)
  4 endoplasms (D:1)
  A giant cockroach (D:1)
  6 goblins (D:1)
  2 hobgoblins (D:1)
  3 jackals (D:1)
  A kobold (D:1)
  3 bats
  2 frilled lizards
  4 rats
35 creatures vanquished.

Notes
Turn   | Place    | Note
-------+----------+-------------------------------------------
     0 | D:1      | Murumi the Minotaur Fighter began the quest for the Orb.
     0 | D:1      | Reached XP level 1. HP: 19/19 MP: 0/0
    68 | D:1      | Reached XP level 2. HP: 22/27 MP: 1/1
   546 | D:1      | Reached XP level 3. HP: 33/33 MP: 2/2
   552 | D:1      | Reached skill level 1 in Dodging
   844 | D:1      | You fall into a shaft and drop 1 floor!
  1169 | D:2      | Reached XP level 4. HP: 14/40 MP: 3/3
  1550 | D:2      | Found a faded altar of an unknown god.
  1561 | D:2      | Noticed Terence
  1581 | D:2      | Mangled by Terence

Illustrated notes

Levels and vault maps discovered:
D:1:      tarquinn_simple_flora_water_d, layout_loops_ring
D:2:      layout_basic, hellmonk_ecumenical_altar_run_dry, corexii_corridor_pit,
          amcnicky_mini_rare_corridor_liquid, minmay_misc_feat_hallway,
          minmay_misc_feat_doors, chequers_hall_statues_y,
          kennysheep_generic_room_8, uniq_terence

Skill      XL: |  1  2  3  4 |
---------------+-------------+-----
Fighting       | 4 |  4.0
Armour         | 4 |  4.0
Shields        | 4 |  4.0
Maces & Flails | 3 4 |  4.0
Dodging        | 1 2 |  2.0

Action                   |  1- 3 |  4- 6 || total
-------------------------+-------+-------++-------
Melee: Flail             |    57 |       ||    57
       Headbutt          |     6 |     3 ||     9
       Whip              |    15 |    21 ||    36
Throw: Stone             |       |     2 ||     2
  Use: Scroll            |     2 |       ||     2
       Potion            |     1 |     2 ||     3
Armor: Scale mail        |    22 |     3 ||    25
Dodge: Dodged            |    36 |     6 ||    42
Block: Buckler           |    12 |     2 ||    14

Table legend: (Time is in decaauts)
 A = Elapsed time spent in this place.
 B = Non-inter-level travel time spent in this place.
 C = Inter-level travel time spent in this place.
 D = Time resting spent in this place.
 E = Time spent auto-exploring this place.
 F = Levels seen in this place.
 G = Mean time per level.
                   A        B        C        D        E       F      G
               +--------+--------+--------+--------+--------+-----+--------+
         Total |   1597 |   1551 |     46 |      2 |   1314 |   2 |  798.5 |
       Dungeon |   1597 |   1551 |     46 |      2 |   1314 |   2 |  798.5 |
               +--------+--------+--------+--------+--------+-----+--------+

Top non-repeatable levels by time:
     D:1: 1119 daAuts
     D:2: 478 daAuts
